 Dungeon Crawl Stone Soup version 0.20.0-1-g1cb1d84 (webtiles) character file.

7299 alfred1011 the Carver (level 11, -7/129 HPs)
             Began as a Barachi Fighter on May 26, 2017.
             Was a Priest of Fedhas.
             Mangled by a troll (9 damage)
             ... on level 10 of the Dungeon.
             The game lasted 00:49:12 (10345 turns).

alfred1011 the Carver (Barachi Fighter)            Turns: 10345, Time: 00:49:12

Health: -7/129     AC: 14    Str: 23    XL:     11   Next: 13%
Magic:  0/14       EV: 17    Int:  8    God:    Fedhas [***...]
Gold:   484        SH:  0    Dex: 15    Spells: 10/10 levels left

rFire    + . .     SeeInvis .   a - +2 long sword
rCold    . . .     Gourm    .   (no shield)
rNeg     . . .     Faith    .   e - +1 ring mail
rPois    .         Spirit   +   m - +1 helmet
rElec    +         Reflect  .   q - +0 cloak
rCorr    .         Harm     .   k - +0 pair of gloves
MR       +....                  (no boots)
Stlth    ..........             p - amulet "Dethux" {Spirit +Inv rElec rF+}
Regen    0.4/turn               t - ring of protection from magic
MPRegen  0.2/turn               v - +2 ring of protection

@: berserking, quick
A: +LOS, swims, slowness 1, strong legs 1
a: Hop, Fungal Bloom, Evolution, Sunlight, Growth, Renounce Religion, Evoke
Invisibility


You were on level 10 of the Dungeon.
You worshipped Fedhas.
Fedhas was most pleased with you.
You were very hungry.

You visited 1 branch of the dungeon, and saw 10 of its levels.
You also visited: Ossuary.

You collected 484 gold pieces.

Inventory:

Hand Weapons
 a - a +2 long sword (weapon)
Armour
 c - a +0 shield
 e - a +1 ring mail (worn)
 k - a +0 pair of gloves (worn)
 m - a +1 helmet (worn)
 q - a +0 cloak (worn)
Jewellery
 p - the amulet "Dethux" (around neck) {Spirit +Inv rElec rF+}
   (You found it on level 5 of the Dungeon)

   [amulet of guardian spirit]

   It causes incoming damage to be split between your health and magic.
   It protects you from fire.
   It insulates you from electricity.
   It lets you turn invisible.
 t - a ring of protection from magic (left hand)
 v - a +2 ring of protection (right hand)
 A - an uncursed ring of magical power {unknown}
Wands
 r - a wand of confusion (22/48)
 L - a wand of lightning (4/15)
Scrolls
 i - 2 scrolls of fog
 n - 4 scrolls of teleportation
 y - a scroll of magic mapping
 B - 5 scrolls of remove curse
 F - 2 scrolls of blinking {unknown}
 H - a scroll of brand weapon {unknown}
 I - 2 scrolls of amnesia
Potions
 b - 6 potions of might
 d - 7 potions of curing
 g - a potion of brilliance
 j - 4 potions of mutation
 l - 4 potions of flight
 o - 3 potions of agility
 u - 2 potions of lignification
 w - a potion of magic
 z - a potion of berserk rage
 C - 2 potions of haste
 D - a potion of cancellation {unknown}
 E - 2 potions of heal wounds {unknown}
 K - a potion of ambrosia {unknown}
Books
 s - a book of Maledictions

   Spells                             Type                      Level
   a - Corona                         Hexes                        1
   b - Ensorcelled Hibernation        Hexes/Ice                    2
   c - Confuse                        Hexes                        3
   d - Tukima's Dance                 Hexes                        3
   e - Dazzling Spray                 Conjuration/Hexes            3
 x - a book of Geomancy

   Spells                             Type                      Level
   a - Sandblast                      Earth                        1
   b - Passwall                       Transmutation/Earth          2
   c - Stone Arrow                    Conjuration/Earth            3
   d - Petrify                        Transmutation/Earth          4
   e - Lee's Rapid Deconstruction     Earth                        5
Comestibles
 f - 4 bread rations
 h - 3 fruits
 G - 3 meat rations


   Skills:
 + Level 7.8 Fighting
 * Level 10.4 Long Blades
 + Level 7.9 Armour
 * Level 9.1 Dodging
 + Level 7.5 Shields
 + Level 5.2 Invocations


You had 10 spell levels left.
You didn't know any spells.

Dungeon Overview and Level Annotations

Branches:
Dungeon (10/15)            Temple (0/1) D:6
   Lair: D:8-11         Orc: D:9-12

Altars:
Cheibriados
Fedhas
Okawaru
Sif Muna
Yredelemnul

Shops:
D:7 (


Innate Abilities, Weirdness & Mutations

Shadows flee at your approach. (+LOS)
You can swim through water.
You cover ground slowly.
You can hop short distances.


Message History

The troll barely misses you. The troll claws you but does no damage.
The troll claws you!
* * * LOW HITPOINT WARNING * * *
You slash the troll!
The troll is almost dead.
The troll bites you but does no damage. The troll closely misses you.
The troll claws you.
* * * LOW HITPOINT WARNING * * *
A red film seems to cover your vision as you go berserk!
You feel yourself moving faster!
You feel mighty! The troll closely misses you. The troll claws you.
* * * LOW HITPOINT WARNING * * *
The troll claws you but does no damage.
You completely miss the troll.
The troll is severely wounded.
You slash the troll!
The troll is almost dead.
The troll bites you!
You die...
Fedhas appreciates your contribution to the ecosystem.

.... .<. ... $o. #T# #h#
#.# ##+#####
########.###### #......#
........oT@.ff###......#
########.####f..#......#
#%# ###.'......# #.#
###......# #.# #f.....#
#.# #f.....# #.#
#......# #.# #......#
#.# ###'####


You could see a troll, an orc and 3 friendly wandering mushrooms.

Vanquished Creatures
  3 two-headed ogres
  Joseph (D:8)
  2 wraiths (D:9)
  An ice beast (D:8)
  An orc warrior (D:7)
  A sky beast (D:9)
  A phantom (D:9)
  5 centaurs
  A crocodile (D:8)
  2 big kobolds (D:8)
  5 bullfrogs
  2 scorpions
  5 water moccasin skeletons (Ossuary)
  5 killer bees (D:9)
  6 wights
  A howler monkey (D:9)
  2 crimson imps (D:7)
  A quasit (D:6)
  2 centaur skeletons
  2 jellies
  3 bullfrog skeletons (D:5)
  2 orc priests
  Crazy Yiuf (D:2)
  5 hounds
  4 orc wizards
  An iguana (D:9)
  4 human skeletons (D:9)
  6 worker ants
  3 big kobold skeletons (Ossuary)
  A hound zombie (D:5)
  5 mummies
  12 adders
  3 gnolls (D:9)
  A howler monkey skeleton (D:8)
  An ooze (D:5)
  7 adder skeletons
  2 worms
  2 dart slugs
  8 leopard geckos
  27 orcs
  11 giant cockroaches
  11 hobgoblins
  14 jackals
  10 kobolds
  4 quokkas
  A ball python (D:5)
  10 bats
  8 frilled lizards
  2 gnoll skeletons (Ossuary)
  11 goblins
  4 hobgoblin skeletons (Ossuary)
  7 kobold skeletons (Ossuary)
  3 orc skeletons (Ossuary)
  An orc zombie (D:9)
  10 rats
254 creatures vanquished.

Vanquished Creatures (collateral kills)
  The ghost of anfisbena the Carver, a novice TeBe of Trog (D:6)
  A troll (D:9)
  Grinder (D:6)
  Prince Ribbit (D:7)
  A hungry ghost (D:7)
  The ghost of kraedy the Cudgeler, an amateur GrFi (D:3)
  3 orc warriors
  A phantom (D:6)
  A big kobold (D:7)
  4 bullfrogs
  4 wights
  A howler monkey (D:5)
  A crimson imp (D:6)
  A hound (D:7)
  2 orc priests (D:7)
  2 jellies
  An iguana (D:6)
  A human skeleton (D:9)
  3 worker ants
  5 orc wizards
  A worker ant zombie (D:5)
  2 adders
  An adder skeleton (D:6)
  A worm (D:4)
  A leopard gecko (D:3)
  3 orcs
  A goblin (D:3)
  A quokka (D:5)
  7 kobolds
54 creatures vanquished.

Vanquished Creatures (others)
  5 wandering mushrooms
  84 toadstools
89 creatures vanquished.

Grand Total: 397 creatures vanquished

Notes
Turn   | Place    | Note
-------+----------+-------------------------------------------
     0 | D:1      | alfred1011 the Barachi Fighter began the quest for the Orb.
     0 | D:1      | Reached XP level 1. HP: 18/18 MP: 1/1
    54 | D:1      | Reached XP level 2. HP: 11/25 MP: 2/2
   113 | D:1      | Reached skill level 1 in Dodging
   416 | D:1      | Reached skill level 3 in Long Blades
   573 | D:1      | Reached XP level 3. HP: 27/30 MP: 3/3
  1011 | D:2      | Reached XP level 4. HP: 35/37 MP: 4/4
  1026 | D:2      | Found a blossoming altar of Fedhas.
  1036 | D:2      | Became a worshipper of Fedhas Madash
  1083 | D:2      | Found a faded altar of an unknown god.
  1125 | D:2      | Found a runed door.
  1129 | D:2      | Noticed Crazy Yiuf
  1134 | D:2      | Killed Crazy Yiuf
  1559 | D:3      | Reached XP level 5. HP: 42/42 MP: 5/5
  1584 | D:3      | Reached skill level 4 in Long Blades
  1622 | D:3      | Noticed kraedy's ghost (amateur GrFi)
  1639 | D:3      | HP: 1/42 [kraedy's ghost (11)]
  1990 | D:3      | Reached * piety under Fedhas
  2016 | D:3      | Killed kraedy's ghost
  2016 | D:3      | Reached XP level 6. HP: 37/49 MP: 3/6
  3017 | D:5      | Entered Level 5 of the Dungeon
  3025 | D:5      | Reached skill level 5 in Long Blades
  3080 | D:5      | Reached skill level 1 in Invocations
  3080 | D:5      | Reached XP level 7. HP: 53/55 MP: 7/7
  3219 | D:5      | Reached skill level 5 in Fighting
  3474 | D:5      | Got a transparent garnet amulet
  3480 | D:5      | Identified the amulet "Dethux" {Spirit +Inv rElec rF+} (You found it on level 5 of the Dungeon)
  4116 | D:6      | Reached XP level 8. HP: 10/62 MP: 1/9
  4350 | D:6      | Noticed anfisbena's ghost (novice TeBe)
  4361 | D:6      | Killed anfisbena's ghost
  4361 | D:6      | Reached skill level 6 in Long Blades
  4361 | D:6      | Reached skill level 5 in Dodging
  4361 | D:6      | Reached skill level 5 in Shields
  4375 | D:6      | Found a sand-covered staircase.
  4381 | Ossuary  | Entered an ossuary
  4462 | Ossuary  | Reached ** piety under Fedhas
  4478 | Ossuary  | Reached skill level 5 in Armour
  4798 | D:6      | Reached skill level 7 in Long Blades
  5009 | D:6      | Reached *** piety under Fedhas
  5142 | D:6      | Found a staircase to the Ecumenical Temple.
  5210 | D:6      | Reached XP level 9. HP: 69/69 MP: 11/11
  5219 | D:6      | Noticed Grinder
  5230 | D:6      | Killed Grinder
  5985 | D:7      | Noticed Prince Ribbit
  6010 | D:7      | Killed Prince Ribbit
  6288 | D:7      | Found Dioleow's Weapon Boutique.
  6302 | D:7      | Reached skill level 8 in Long Blades
  6586 | D:7      | Found an iron altar of Okawaru.
  6586 | D:7      | Found a faded altar of an unknown god.
  6594 | D:7      | Found a faded altar of an unknown god.
  6597 | D:7      | Found a deep blue altar of Sif Muna.
  6599 | D:7      | Found a snail-covered altar of Cheibriados.
  7206 | D:8      | Noticed Joseph
  7220 | D:8      | Killed Joseph
  7220 | D:8      | Reached XP level 10. HP: 39/77 MP: 6/13
  7553 | D:8      | Reached skill level 9 in Long Blades
  8399 | D:8      | Noticed a two-headed ogre
  8425 | D:8      | Killed a two-headed ogre
  9509 | D:9      | Noticed a two-headed ogre
  9525 | D:9      | Killed a two-headed ogre
  9540 | D:9      | Reached skill level 10 in Long Blades
  9631 | D:9      | Found a basalt altar of Yredelemnul.
  9671 | D:9      | Reached skill level 5 in Invocations
  9916 | D:9      | Reached XP level 11. HP: 79/84 MP: 14/14
 10224 | D:10     | Entered Level 10 of the Dungeon
 10308 | D:10     | Noticed a two-headed ogre
 10324 | D:10     | Killed a two-headed ogre
 10342 | D:10     | HP: 3/86 [troll (3)]
 10343 | D:10     | HP: 1/129 [troll (3)]
 10345 | D:10     | Mangled by a troll

Skill      XL: |  1  2  3  4  5  6  7  8  9 10 11 |
---------------+----------------------------------+-----
Dodging        | 1 2 3 4 6 7 8 9 |  9.1
Long Blades    | 3 4 5 7 8 10 | 10.4
Fighting       | 4 5 6 7 |  7.8
Shields        | 4 5 6 7 |  7.5
Invocations    | 1 2 4 5 |  5.2
Armour         | 4 5 6 7 |  7.9

Action                   |  1- 3 |  4- 6 |  7- 9 | 10-12 || total
-------------------------+-------+-------+-------+-------++-------
Melee: Long sword        |   117 |   177 |   343 |   331 ||   968
Invok: Fungal Bloom      |       |    11 |    23 |    17 ||    51
       Evolution         |       |     3 |     2 |     4 ||     9
       Sunlight          |       |       |       |     1 ||     1
 Abil: Hop               |     2 |       |       |       ||     2
Evoke: Wand              |       |       |       |     3 ||     3
  Use: Potion            |       |     1 |     1 |     2 ||     4
       Scroll            |       |     9 |    14 |       ||    23
 Stab: Distracted        |       |       |     1 |       ||     1
       Confused          |       |       |       |     5 ||     5
  Eat: Chunk             |     1 |     8 |     8 |     7 ||    24
       Royal jelly       |       |       |     2 |     2 ||     4
       Meat ration       |       |       |     1 |       ||     1
       Fruit             |       |       |     1 |       ||     1
Armor: Scale mail        |    25 |       |       |       ||    25
       Ring mail         |    50 |    71 |   143 |    78 ||   342
       Chain mail        |       |       |     4 |       ||     4
       Skin              |       |       |       |   110 ||   110
Dodge: Dodged            |    64 |   116 |   233 |   232 ||   645
Block: Shield            |    39 |       |       |       ||    39
       Rpst.: Long sword |    17 |    37 |    65 |    51 ||   170
